 Dungeon Crawl Stone Soup version 0.25.1-2-g60ff931df9 (webtiles) character file.

Game seed: 6613144407713600681

562 DogServant the Charmwright (level 7, 0/75 HPs)
             Began as a Human Skald on Oct 12, 2020.
             Slain by a wight
             ... wielding a +0 great sword
              (8 damage)
             ... on level 4 of the Dungeon.
             The game lasted 00:08:17 (4610 turns).

DogServant the Charmwright (Human Skald)            Turns: 4610, Time: 00:08:19

Health: 0/75       AC: 23    Str: 11 (14) XL:     7   Next: 57%
Magic:  0/10       EV:  2    Int: 11 (13) God:
Gold:   199        SH:  0    Dex: 12      Spells: 2/10 levels left

rFire    . . .     SeeInvis .   a - +0 hand axe
rCold    . . .     Gourm    .   (no shield)
rNeg     + + +     Faith    .   (armour currently unavailable)
rPois    +         Spirit   .   (helmet currently unavailable)
rElec    .         Reflect  .   (cloak currently unavailable)
rCorr    .         Harm     .   (gloves currently unavailable)
MR       .....     NoTele   +   (boots currently unavailable)
Stlth    +.........             (no amulet)
HPRegen  0.22/turn              (no ring)
MPRegen  0.12/turn              (no ring)

@: brilliant, tree-form, infused (expiring)
A: no striking features
a: no special abilities


You were on level 4 of the Dungeon.
You were hungry.
You were a tree.
You visited 1 branch of the dungeon, and saw 4 of its levels.

You collected 199 gold pieces.

Inventory:

Hand Weapons
 a - a +0 hand axe (weapon)
Armour
 b - a +1 leather armour (melded)
 o - a +0 helmet (melded)
Scrolls
 e - a scroll of enchant armour
 f - a scroll of identify
 g - 5 scrolls of remove curse
Potions
 i - a potion of haste
 k - a potion of brilliance
Comestibles
 d - 4 rations


   Skills:
 - Level 2.0 Fighting
 + Level 5.6 Axes
 - Level 1.0 Armour
 - Level 2.0 Dodging
 - Level 2.0 Spellcasting
 + Level 6.1 Charms


You had 2 spell levels left.
You knew the following spells:

 Your Spells              Type           Power        Failure   Level  Hunger
a - Infusion              Chrm           ###.         2%          1    None
b - Song of Slaying       Chrm           ###.....     3%          2    None
c - Shroud of Golubria    Chrm/Tloc      ##....       13%         2    None
d - Spectral Weapon       Hex/Chrm       ##......     26%         3    None

Your spell library contained the following spells:

 Spells                   Type           Power        Failure   Level  Hunger
 Ozocubu's Armour         Chrm/Ice       ##......     26%         3    None


Dungeon Overview and Level Annotations

Branches:
Dungeon (4/15)
 Temple: D:4-7

Altars:
Dithmenos
Ru


Message History

Throwing (i - inventory)
j - a curare-tipped dart (quivered)
Press: ? - help, Shift-Dir - straight line, f/p - wight
Aim: a wight, wielding a +0 great sword and wearing a +0 robe (moderately damaged)
You throw a curare-tipped dart.
The curare-tipped dart closely misses the wight.
The curare-tipped dart hits the orc wizard.
The orc wizard is poisoned.
The orc wizard convulses.
The orc wizard seems to slow down.
The orc wizard is moderately wounded.
The giant cockroach barely misses you. The wight hits you but does no damage.
The orc hits you but does no damage.
The wight hits you from afar with a cursed -3 spear.
* * * LOW HITPOINT WARNING * * *
You hit the wight.
The wight is heavily damaged.
You hit the giant cockroach.
You kill the giant cockroach!
You hit the wight but do no damage.
The wight hits you with a +0 great sword!
You die...

.......#
......#
......#
......#
#.....#
#ooz..#
#z)...#
#♣z...#
#######


You could see 3 wights, an orc wizard (very poisoned, slow) and an orc.

Vanquished Creatures
  A phantom (D:3)
  2 ogres
  2 wights (D:4)
  A worker ant (D:4)
  9 adders
  A worm (D:2)
  3 dart slugs
  3 leopard geckos
  23 orcs
  5 bats
  3 giant cockroaches
  4 hobgoblins
  4 jackals (D:2)
  2 quokkas
  A ball python (D:2)
  6 frilled lizards
  8 goblins
  6 kobolds
  10 rats
94 creatures vanquished.

Notes
Turn   | Place    | Note
-------+----------+-------------------------------------------
     0 | D:1      | DogServant the Human Skald began the quest for the Orb.
     0 | D:1      | Reached XP level 1. HP: 16/16 MP: 3/3
   352 | D:1      | Reached XP level 2. HP: 22/22 MP: 5/5
   595 | D:1      | Reached XP level 3. HP: 20/27 MP: 6/6
   599 | D:1      | Learned a level 2 spell: Song of Slaying
  1809 | D:2      | Reached XP level 4. HP: 33/33 MP: 7/7
  1877 | D:2      | Reached skill level 4 in Charms
  2718 | D:2      | Found a shadowy altar of Dithmenos.
  3006 | D:3      | Reached XP level 5. HP: 22/38 MP: 0/8
  3294 | D:3      | Noticed an ogre
  3311 | D:3      | Killed an ogre
  3311 | D:3      | Reached skill level 5 in Charms
  3311 | D:3      | Reached XP level 6. HP: 15/44 MP: 5/9
  3695 | D:3      | Noticed a phantom
  3745 | D:3      | Killed a phantom
  4106 | D:3      | Found a sacrificial altar of Ru.
  4257 | D:3      | Reached skill level 5 in Axes
  4262 | D:3      | Learned a level 2 spell: Shroud of Golubria
  4266 | D:3      | Learned a level 3 spell: Spectral Weapon
  4378 | D:3      | Reached XP level 7. HP: 50/50 MP: 10/10
  4594 | D:4      | Reached skill level 6 in Charms
  4610 | D:4      | Slain by a wight

Illustrated notes

Levels and vault maps discovered:
D:1:      zaba_arrival_water, layout_basic
D:2:      layout_basic, nicolae_dithmenos_through_a_glass_darkly
D:3:      layout_basic, lemuel_coloured_pillars_altar
D:4:      layout_basic, minmay_temple_entry_overgrown, first_ration,
          nicolae_ossuary_entry_plus, uniq_natasha, uniq_duvessa, uniq_robin

Skill      XL: |  1  2  3  4  5  6  7 |
---------------+----------------------+-----
Axes           | 3 4 5 |  5.6
Charms         | 4 5 6 |  6.1
Fighting       | |  2.0
Armour         | |  1.0
Dodging        | |  2.0
Spellcasting   | |  2.0

Action                   |  1- 3 |  4- 6 |  7- 9 || total
-------------------------+-------+-------+-------++-------
Melee: Hand axe          |   121 |   176 |    31 ||   328
Throw: Dart              |       |       |     4 ||     4
 Cast: Infusion          |     5 |    10 |     2 ||    17
       Song of Slaying   |     2 |     5 |     1 ||     8
       Shroud of Golubri |       |       |     1 ||     1
  Use: Potion            |     1 |     3 |     4 ||     8
       Scroll            |       |     3 |     2 ||     5
  Eat: Chunk             |     3 |     6 |       ||     9
       Ration            |       |     1 |       ||     1
Armor: Leather armour    |    27 |    37 |       ||    64
       Skin              |       |       |   106 ||   106
Dodge: Dodged            |    84 |   112 |    15 ||   211
